 Dungeon Crawl Stone Soup version 0.27-a0-686-gaed091b46b (webtiles) character file.

Game seed: 14540899979446157996

8854 mdonais the Fighter (level 11, -2/72 HPs)
             Began as an Octopode Brigand on Mar 21, 2021.
             Was a High Priest of Ru.
             Killed from afar by a hell hog (11 damage)
             ... with a fireball
             ... in a volcano.
             The game lasted 01:21:01 (14918 turns).

mdonais the Fighter (Octopode Brigand)             Turns: 14918, Time: 01:21:02

Health: -2/72      AC:  1    Str: 10    XL:     11   Next: 37%
Magic:  21/21      EV: 16    Int: 15    God:    Ru [*****.]
Gold:   720        SH: 10    Dex: 14    Spells: 9/12 levels left

rFire    + . .     SeeInvis .   a - +4 rapier (flame)
rCold    x . .     Faith    .   K - +0 buckler
rNeg     . . .     Spirit   .   (helmet restricted)
rPois    +         Reflect  +   m - amulet of reflection
rElec    +         Harm     .   g - ring of magical power
rCorr    +         Rampage  .   z - ring of fire
Will     .....                  (no ring)
Stlth    +++++.....             (no ring)
HPRegen  0.22/turn              (no ring)
MPRegen  0.17/turn              (no ring)
                                (no ring)
                                (no ring)

@: about to teleport, resistant
A: almost no armour, amphibious, 8 rings, camouflage 1, clumsy 1, frail 1,
gelatinous body 1, temperature sensitive, nimble swimmer 1, tentacles
a: Renounce Religion, Sacrifice Drink, Sacrifice Stealth, Sacrifice Health,
Reject Sacrifices, Draw Out Power, Power Leap, Apocalypse


You were in a volcano.
You worshipped Ru.
Ru was extremely pleased with you.
You visited 3 branches of the dungeon, and saw 13 of its levels.
You also visited: Volcano.

You collected 720 gold pieces.

Inventory:

Hand Weapons
 a - a +4 rapier of flaming (weapon)
   (You found it on level 8 of the Dungeon)
 b - a +0 hunting sling
   (You took it off a goblin on level 3 of the Dungeon)
 h - a +1 battleaxe of flaming
   (You found it in a volcano)
Missiles
 i - 317 stones
 p - 60 poisoned darts
 t - 6 boomerangs
 u - 2 silver boomerangs (quivered)
 v - 2 javelins
 x - 24 sling bullets
 F - a curare-tipped dart
Armour
 K - a +0 buckler (worn)
   (You found it on level 9 of the Dungeon)
Jewellery
 g - a ring of magical power (left tentacle)
   (You found it on level 5 of the Dungeon)
 m - an amulet of reflection (around mantle)
   (You found it on level 9 of the Dungeon)
 z - a ring of fire (right tentacle)
   (You found it on level 6 of the Dungeon)
Wands
 s - a wand of polymorph (11)
   (You found it on level 4 of the Dungeon)
 E - a wand of random effects (12)
   (You took it off Maurice on level 8 of the Dungeon)
 I - a wand of iceblast (6)
   (You found it on level 8 of the Dungeon)
 N - a wand of charming (7)
   (You found it on level 10 of the Dungeon)
 V - a wand of flame (1)
   (You took it off an orc on level 6 of the Dungeon)
Scrolls
 j - 4 scrolls of amnesia
 o - 2 scrolls of immolation
 q - 4 scrolls of enchant armour
 w - a scroll of holy word
 C - a scroll of brand weapon
 H - a scroll of fog
 L - a scroll of vulnerability
 T - 4 scrolls of teleportation
Potions
 c - a potion of berserk rage {unknown}
 d - 2 potions of heal wounds {unknown}
 e - a potion of might {unknown}
 f - a potion of mutation {unknown}
 k - 2 potions of lignification
 l - 2 potions of brilliance {unknown}
 n - a potion of resistance
 y - a potion of ambrosia
 B - a potion of degeneration {unknown}
 G - a potion of attraction {unknown}
 Q - 3 potions of curing


   Skills:
 * Level 10.3 Fighting
 - Level 8.0 Short Blades
 - Level 5.0 Throwing
 - Level 7.5 Dodging
 - Level 8.0 Stealth
 - Level 4.0 Shields
 - Level 1.0 Spellcasting
 - Level 2.0 Summonings
 - Level 1.0 Necromancy
 - Level 5.0 Evocations


You had 9 spell levels left.
You knew the following spells:

 Your Spells              Type           Power      Damage    Failure   Level
a - Apportation           Tloc           0%         N/A       24%         1
b - Animate Skeleton      Necr           6%         N/A       16%         1
c - Summon Small Mammal   Summ           24%        N/A       11%         1

Your spell library contained the following spells:

 Spells                   Type           Power      Damage    Failure   Level
 Pain                     Necr           12%        1d4       16%         1
 Corona                   Hex            0%         N/A       24%         1
 Magic Dart               Conj           0%         1d3       24%         1
 Sandblast                Erth           0%         2d4       24%         1
 Sting                    Tmut/Pois      0%         1d3       24%         1


Dungeon Overview and Level Annotations

Branches:
Dungeon (11/15)            Temple (1/1) D:4            Lair (1/6) D:9
Volcano (1/1)
    Orc: D:9-12

Altars:
Ashenzari
Cheibriados
Dithmenos
Elyvilon
Fedhas
Gozag
Hepliaklqana
Kikubaaqudgha
Makhleb
Nemelex Xobeh
Okawaru
Qazlal
Ru
Sif Muna
Trog
Uskayaw
Vehumet
Wu Jian
Xom
Yredelemnul
Zin
The Shining One

Shops:
D:2 [

Annotations:
D:7 dig for vault


Innate Abilities, Weirdness & Mutations

You cannot wear most types of armour.
You are amphibious.
You can wear up to eight rings at the same time.
Your skin changes colour to match your surroundings (Stealth+).
You are clumsy. (Dex -2)
You are frail. (-10% HP)
Your rubbery body absorbs attacks. (AC +1, EV +1)
You are sensitive to extremes of temperature. (rF-, rC-)
You are stealthy while swimming. (Stealth+)
You have tentacles for arms and can constrict up to eight enemies at once.


Message History

Okay, then.
Throw: javelin
Press: ? - help, Q - select action, (/) - cycle Shift-Dir - straight line, f - fire bat, p - fire bat
Aim: a fire bat (53% to hit)
You throw a javelin.
The javelin pierces through the fire crab.
The fire crab is severely wounded.
The javelin barely misses the fire bat.
A hell hound comes into view.
Throw: 317 stones
Press: ? - help, Q - select action, (/) - cycle Shift-Dir - straight line, f - fire crab
Aim: a fire crab (almost dead, very poisoned, slow, ally target, 78% to hit)
Okay, then.
Unknown command.
Throw: 2 boomerangs (silver)
Press: ? - help, Q - select action, (/) - cycle Shift-Dir - straight line, f - fire bat
Aim: a fire bat (heavily wounded, 53% to hit)
You throw a silver boomerang.
The silver boomerang hits the fire crab.
The fire crab is almost dead.
You kill the fire crab!
The fire bat closely misses you.
You swap places.
Health restored: 72 You swap places.
The fire bat barely misses you. The fire bat bites you.
You are engulfed in flames!
You focus your inner power and slow the fire bat in retribution!
You take 10 damage, and have 62/72 hp.
Aiming: Iceblast
Press: ? - help, Shift-Dir - straight line, f - fire bat, p - fire bat
Aim: a fire bat (slow, ally target)
The mass of ice explodes!
The iceblast engulfs the fire bat!
The fire bat is frozen!
The fire bat is severely wounded.
The iceblast engulfs the fire bat!!
The fire bat is frozen!
You kill the fire bat!
The iceblast engulfs the hell hound!
The hell hound is frozen!
The hell hound is heavily wounded.
A fire bat comes into view.
You redirect the hell hound's attack!
The fire bat bites you.
You are engulfed in flames!
You focus your inner power and slow the fire bat in retribution!
Your steam dragon skeleton closely misses the fire bat. x2
Your Fighting skill increases to level 10!
You take 13 damage, and have 49/72 hp.
The fire bat bites your steam dragon skeleton.
Your steam dragon skeleton is engulfed in flames.
Your steam dragon skeleton is destroyed!
The fire bat closely misses you. The fire bat bites you.
You are engulfed in flames!
You focus your inner power and illuminate the fire bat in retribution!
A fire bat comes into view.
You take 10 damage, and have 39/72 hp.
Aiming: Iceblast
Press: ? - help, Shift-Dir - straight line, f/p - fire bat
Aim: a fire bat (severely wounded, slow)
The mass of ice explodes!
The iceblast engulfs the fire bat!!
The fire bat is frozen!
You kill the fire bat!
The iceblast engulfs the fire bat!!
The fire bat is frozen!
You kill the fire bat!
The iceblast engulfs the hell hound!!
The hell hound is frozen!
You kill the hell hound!
Press: ? - help, v - describe, . - travel
Here: a fire bat The floor, spattered with blood.
Aiming: Iceblast
Press: ? - help, Shift-Dir - straight line, f - fire bat
Aim: a fire bat The mass of ice explodes!
The iceblast engulfs the fire bat!!!
The fire bat is frozen!
You kill the fire bat!
The air gets thick with the scent of sulphur.
You start resting.
In the distance, the volcano erupts with a roar.
You start resting.
The air gets thick with the scent of sulphur.
You regained 17 hp, and now have 58/72 hp.
You start resting.
In the distance, the volcano erupts with a roar.
Found a chain mail of fire resistance and an inky potion.
Found a rocky tunnel leading out of this place.
You see here a fire crab corpse.
Found a golden potion, a battleaxe of flaming and 9 gold pieces.
v - a javelin
Found 26 gold pieces.
v - 2 javelins (gained 1);
p - 59 poisoned darts (gained 2)
You see here a +0 ring mail of fire resistance.
c - a golden potion
p - 60 poisoned darts (gained 1);
F - a curare-tipped dart You see here a +4 chain mail of fire resistance.
You see here a +1 battleaxe of flaming.
e - an inky potion You now have 694 gold pieces (gained 9).
You now have 720 gold pieces (gained 26).
You see here a +1 battleaxe of flaming.
h - a +1 battleaxe of flaming You see here a +4 chain mail of fire resistance.
You see here a fire crab corpse.
Found three items.
Found a rocky tunnel leading out of this place.
A hell hound, a hell hog and a steam dragon come into view.
Found 48 gold pieces, a trident, a great mace of flaming and a scroll of noise.
Aiming: Charm
Press: ? - help, Shift-Dir - straight line, f - hell hound
Aim: a hell hound (asleep, chance to affect: 61%)
Okay, then.
Unknown command.
Aiming: Iceblast
Press: ? - help, Shift-Dir - straight line The mass of ice explodes!
The iceblast engulfs the hell hog!!
The hell hog is moderately wounded.
The hell hog squeals angrily.
The iceblast engulfs the steam dragon!
The steam dragon is heavily wounded.
The steam dragon hisses angrily.
The iceblast engulfs the hell hound!
The hell hound is frozen!
The hell hound is heavily wounded.
The hell hog breathes fire at you.
The fireball explodes!
The fireball engulfs you!!
You take 35 damage, and have 36/72 hp.
MASSIVE DAMAGE!!
You feel protected. You block the hell hog's attack.
The hell hog breathes fire at you.
The fireball explodes!
The fireball engulfs you!! You resist.
* * * LOW HITPOINT WARNING * * *
You take 21 damage, and have 15/72 hp.
MASSIVE DAMAGE!!
Okay, then.
As you read the scroll of teleportation, it crumbles to dust.
You feel strangely unstable. The hell hog barely misses you.
Press: ? - help, v - describe, . - travel
Here: a hell hog (moderately wounded)
The floor.
Unknown command.
You feel better.
You redirect the hell hog's attack!
The hell hog bites you.
* * * LOW HITPOINT WARNING * * *
The hell hog begins to attack, but is stunned by your conviction!
You regained 6 hp, and now have 21/72 hp.
You barely miss the hell hog. Your grab misses the hell hog.
The hell hog is moderately wounded.
The hell hog bites you!
* * * LOW HITPOINT WARNING * * *
You hear an angry hiss.
You take 13 damage, and have 8/72 hp.
The hell hog breathes fire at you.
The fireball explodes!
The fireball engulfs you! You resist.
You die...

≈≈≈§§.# ##h.!≈≈## §§≈§.##
#.$)[§≈§# ≈§∩..#
#.h$∩)≈§# §§.[## ##.D≈#
≈≈§§.# #h#### ≈≈≈[.#
##.## §§≈.## ####
#######D#
≈§##†###..###...#...# ##
##§.......§..@h..#
###....≈≈≈§≈≈≈....#
##....≈≈≈§≈§≈≈§§§..#
#....≈≈≈≈§≈§≈≈§≈§§...#
##....≈≈§≈§≈≈≈≈§§§§..#
#...†§§≈§≈≈≈≈≈≈≈≈§§..#
#####....§≈≈≈§≈≈≈§§§....#
#.#.......≈§≈≈≈≈≈≈.......
#..##............


You could see a hell hog (catching breath) and a steam dragon.

Vanquished Creatures
  A fire crab (Volcano)
  Pikel (D:4)
  A deep elf pyromancer (D:10)
  Maurice (D:8)
  A cane toad (Lair:1)
  Maggie (D:8)
  Psyche (D:8)
  A troll (D:10)
  4 fire bats (Volcano)
  A wyvern (D:8)
  A yak (D:10)
  A steam dragon (Volcano)
  Menkaure (D:4)
  Edmund (D:4)
  A hell hound (Volcano)
  4 orc warriors
  2 sky beasts
  2 ice beasts
  2 black bears
  5 centaurs
  3 ogres
  2 lemures
  3 phantoms
  2 kobold brigands
  5 bullfrogs
  13 killer bees
  3 wights (D:9)
  5 howler monkeys
  A crimson imp (D:6)
  3 jellies
  2 centaur skeletons
  7 orc priests
  4 hounds
  3 iguanas
  16 orc wizards
  Natasha (thrice) (D:4)
  8 worker ants
  A hound skeleton (D:10)
  2 worker ant zombies
  14 adders
  A howler monkey skeleton (D:8)
  A shadow imp (D:10)
  2 white imps
  An ufetubus (D:8)
  An ooze (D:2)
  3 adder skeletons
  2 worms
  4 dart slugs
  3 leopard geckos
  44 orcs
  6 giant cockroaches
  3 goblins
  4 hobgoblins (D:2)
  13 jackals
  12 kobolds
  4 quokkas
  8 bats
  6 frilled lizards
  A leopard gecko zombie (D:7)
  A quokka skeleton (D:5)
  A quokka zombie (D:7)
  6 rats (D:1)
260 creatures vanquished.

Vanquished Creatures (collateral kills)
  A troll (D:10)
  2 orcs (D:10)
  A jackal (D:5)
4 creatures vanquished.

Vanquished Creatures (others)
  An orc (D:7)
1 creature vanquished.

Grand Total: 265 creatures vanquished

Notes
Turn   | Place    | Note
-------+----------+-------------------------------------------
     0 | D:1      | mdonais the Octopode Brigand began the quest for the Orb.
     0 | D:1      | Reached XP level 1. HP: 14/14 MP: 1/1
   577 | D:1      | Reached XP level 2. HP: 17/19 MP: 2/2
   824 | D:1      | Reached XP level 3. HP: 21/25 MP: 3/3
  1352 | D:2      | Identified Sif Muna's Introduction to Theurgy
  1688 | D:2      | Reached XP level 4. HP: 26/30 MP: 4/4
  1709 | D:2      | Found Fobbosyll's Antique Armour Emporium.
  1771 | D:2      | Reached skill level 3 in Fighting
  1878 | D:2      | Found a sacrificial altar of Ru.
  1886 | D:2      | Became a worshipper of Ru the Awakened
  2041 | D:2      | Learned a level 1 spell: Apportation
  2265 | D:3      | Reached XP level 5. HP: 36/36 MP: 5/5
  2873 | D:3      | Reached XP level 6. HP: 18/43 MP: 6/6
  3118 | D:4      | Noticed Edmund
  3123 | D:4      | Noticed Menkaure
  3299 | D:4      | Reached skill level 4 in Fighting
  3820 | D:4      | Gained mutation: You are sensitive to extremes of
                  | temperature. (rF-, rC-) [Ru sacrifice]
  3820 | D:4      | Reached * piety under Ru
  3820 | D:4      | Reached ** piety under Ru
  3820 | D:4      | Reached *** piety under Ru
  3993 | D:4      | Killed Edmund
  3994 | D:4      | Reached XP level 7. HP: 48/49 MP: 7/7
  4210 | D:4      | Noticed Pikel
  4224 | D:4      | Killed Pikel
  4225 | D:4      | Reached skill level 5 in Fighting
  4225 | D:4      | Reached skill level 5 in Short Blades
  4225 | D:4      | Reached skill level 5 in Dodging
  4225 | D:4      | Reached XP level 8. HP: 38/56 MP: 8/8
  5014 | D:4      | Noticed Natasha
  5031 | D:4      | Killed Natasha
  5184 | D:4      | Learned a level 1 spell: Animate Skeleton
  5198 | D:4      | Noticed Natasha
  5205 | D:4      | Killed Natasha
  5262 | D:4      | Learned a level 1 spell: Summon Small Mammal
  5348 | D:4      | Noticed Natasha
  5362 | D:4      | Killed Natasha
  5363 | D:4      | Reached skill level 1 in Necromancy
  5452 | D:4      | Found a staircase to the Ecumenical Temple.
  5461 | Temple   | Entered the Ecumenical Temple
  5636 | D:4      | Reached skill level 1 in Summonings
  5848 | D:5      | Entered Level 5 of the Dungeon
  7170 | D:5      | Reached skill level 6 in Fighting
  7299 | D:6      | Gained mutation: You are clumsy. (Dex -2) [Ru sacrifice]
  7374 | D:6      | Reached XP level 9. HP: 49/61 MP: 9/9
  7946 | D:6      | Found a burning altar of Makhleb.
  7947 | D:6      | Found a radiant altar of Vehumet.
  8664 | D:7      | Reached skill level 1 in Spellcasting
  9273 | D:7      | Found an iron altar of Okawaru.
  9273 | D:7      | Found a shadowy altar of Dithmenos.
  9287 | D:7      | Found a white marble altar of Elyvilon.
  9292 | D:7      | Found a shimmering altar of Xom.
  9292 | D:7      | Found a blossoming altar of Fedhas.
  9309 | D:7      | Found an ornate altar of the Wu Jian Council.
  9344 | D:7      | Found a radiant altar of Vehumet.
  9825 | D:8      | Reached skill level 7 in Fighting
  9902 | D:8      | Noticed Maggie
  9923 | D:8      | Killed Maggie
  9924 | D:8      | Reached XP level 10. HP: 39/71 MP: 11/11
 10153 | D:8      | Reached skill level 5 in Throwing
 10467 | D:8      | Noticed Maurice
 10472 | D:8      | Killed Maurice
 10706 | D:8      | Gained mutation: You are frail. (-10% HP) [Ru sacrifice]
 10706 | D:8      | Reached **** piety under Ru
 10706 | D:8      | Reached ***** piety under Ru
 10721 | D:8      | Noticed Psyche
 10722 | D:8      | Killed Psyche
 11053 | D:4      | Found a staircase to the Ecumenical Temple.
 11328 | D:4      | Killed Menkaure
 12041 | D:9      | Reached skill level 8 in Fighting
 12125 | D:9      | Found a staircase to the Lair.
 12471 | D:8      | Reached skill level 1 in Shields
 12927 | D:10     | Entered Level 10 of the Dungeon
 12972 | D:10     | You fall into a shaft and drop 1 floor!
 13172 | D:10     | Found a shadowy altar of Dithmenos.
 13172 | D:10     | Noticed a deep elf pyromancer
 13181 | D:10     | Killed a deep elf pyromancer
 13375 | D:10     | Identified the +7 quarterstaff "Ixtirenu" {pain, +Inv
                  | Int+8}
 13547 | D:10     | Reached XP level 11. HP: 43/70 MP: 12/12
 13551 | D:10     | Reached skill level 9 in Fighting
 14616 | Lair:1   | Entered Level 1 of the Lair of Beasts
 14625 | Lair:1   | Reached skill level 5 in Evocations
 14674 | Lair:1   | Found a dark tunnel.
 14689 | Volcano  | Entered a volcano
 14737 | Volcano  | Noticed a fire crab
 14745 | Volcano  | Killed a fire crab
 14761 | Volcano  | Reached skill level 10 in Fighting
 14907 | Volcano  | Noticed a hell hog
 14918 | Volcano  | Killed from afar by a hell hog

Illustrated notes

Levels and vault maps discovered:
D:1:      dpeg_arrival_arbitrary_b, layout_basic
D:2:      layout_rooms, lemuel_round_altar, serial_shops, shop
D:3:      layout_basic
D:4:      layout_basic, minmay_temple_entry_water_ring, nrook_uturn,
          uniq_natasha, uniq_pikel, uniq_menkaure, uniq_edmund
D:5:      layout_cave_pools
D:6:      layout_rooms, grunt_temple_overflow_lords_of_destruction,
          minmay_misc_feat_iff
D:7:      layout_loops_ring, grunt_temple_overflow_open, basic_altar,
          lightli_corner_chamber
D:8:      layout_loops_ring, uniq_maggie, uniq_psyche, uniq_maurice
D:9:      layout_cave_pools, lair_entry_dummy
D:10:     layout_loops_corners, david_defended_altar_elf
D:11:     layout_gridville, orc_0_dummy, minmay_circle_x, uniq_erolcha
Temple:   cyrus_circular_temple
Lair:1:   layout_chaotic_city, nicolae_volcano_entry_s_turn,
          beast_lair_carwin_7, infiniplex_staircase_pool, uniq_urug, uniq_joseph
Volcano:  volcano_pools

Skill      XL: |  1  2  3  4  5  6  7  8  9 10 11 |
---------------+----------------------------------+-----
Dodging        | 2 3 4 5 7 |  7.5
Fighting       | 3 4 5 6 7 8 10 | 10.3
Short Blades   | 3 4 5 6 7 8 |  8.0
Necromancy     | 1 |  1.0
Summonings     | 2 |  2.0
Evocations     | 2 3 4 5 |  5.0
Stealth        | 6 7 8 |  8.0
Throwing       | 4 5 |  5.0
Spellcasting   | 1 |  1.0
Shields        | 4 |  4.0

Action                   |  1- 3 |  4- 6 |  7- 9 | 10-12 || total
-------------------------+-------+-------+-------+-------++-------
Melee: Dagger            |    48 |    87 |   350 |   217 ||   702
       Constrict         |    12 |    14 |    63 |    37 ||   126
       Tentacles         |     4 |    11 |    75 |    61 ||   151
       Rapier            |       |       |       |    33 ||    33
 Fire: Hunting sling     |       |    29 |    29 |       ||    58
Throw: Dart              |    18 |    24 |    69 |    37 ||   148
       Javelin           |    12 |     9 |    19 |     6 ||    46
       Stone             |       |     4 |       |       ||     4
       Boomerang         |       |       |     7 |    25 ||    32
       Throwing net      |       |       |     1 |       ||     1
 Cast: Apportation       |       |     1 |       |     1 ||     2
       Animate Skeleton  |       |       |    14 |    14 ||    28
       Summon Small Mamm |       |       |     5 |       ||     5
Invok: Sacrifice Resista |       |     1 |       |       ||     1
       Draw Out Power    |       |       |     1 |       ||     1
       Sacrifice Purity  |       |       |     1 |       ||     1
       Sacrifice Health  |       |       |       |     1 ||     1
Evoke: Wand              |       |       |     6 |    13 ||    19
  Use: Potion            |       |     2 |     1 |     2 ||     5
       Scroll            |       |     4 |     4 |    10 ||    18
 Stab: Sleeping          |     5 |     8 |    13 |    14 ||    40
       Distracted        |       |       |     3 |     2 ||     5
       Invisible         |       |       |       |     2 ||     2
       Paralysed         |       |       |       |     2 ||     2
       Betrayed ally     |       |       |       |     1 ||     1
Armor: Skin              |     2 |     4 |   134 |     8 ||   148
Dodge: Dodged            |    24 |    40 |   149 |    99 ||   312
Block: Buckler           |       |       |       |    41 ||    41
       Reflection        |       |       |       |     1 ||     1

Table legend: (Time is in decaauts)
 A = Elapsed time spent in this place.
 B = Non-inter-level travel time spent in this place.
 C = Inter-level travel time spent in this place.
 D = Time resting spent in this place.
 E = Time spent auto-exploring this place.
 F = Levels seen in this place.
 G = Mean time per level.
                   A        B        C        D        E       F      G
               +--------+--------+--------+--------+--------+-----+--------+
         Total |  14721 |  13627 |   1094 |   3609 |   5264 |  14 | 1051.5 |
       Dungeon |  14370 |  13316 |   1054 |   3529 |   5221 |  11 | 1306.4 |
        Temple |     52 |     43 |      9 |      0 |     43 |   1 |   52.0 |
          Lair |     71 |     40 |     31 |      0 |      0 |   1 |   71.0 |
       Volcano |    226 |    226 |      0 |     80 |      0 |   1 |  226.0 |
               +--------+--------+--------+--------+--------+-----+--------+

Top non-repeatable levels by time:
     D:4: 2482 daAuts
     D:3: 1956 daAuts
    D:10: 1516 daAuts
     D:7: 1427 daAuts
     D:5: 1417 daAuts
     D:1: 1308 daAuts
     D:8: 1269 daAuts
     D:6: 1102 daAuts
     D:2: 956 daAuts
     D:9: 892 daAuts
 Volcano: 226 daAuts
  Lair:1: 71 daAuts
  Temple: 52 daAuts
    D:11: 42 daAuts
